Map: Distant Plane

Players

Retsech - Winner!

  • Race: Terran Terran

Gracz - Winner!

  • Race: Terran Terran

A.I. 2 (Medium)

  • Race: Terran Terran

A.I. 3 (Medium)

  • Race: Zerg Zerg

VOD

Have the link to the VOD?

Description

Time

  • Played on: Aug. 25, 2016, 1:57 p.m.
  • Length: 25:47
Show
View Real Time Build Order
Export as new Build Order

Retsech Terran - Winner!

Build Orders: Mech 

Get SALT Encoding   

  12  0:06  SCV  
  13  0:18  SCV  
  14  0:24  Supply Depot  
  14  0:30  SCV  
  15  0:45  SCV  
  16  0:55  Refinery  
  16  0:56  Refinery  
  16  1:00  SCV  
  17  1:12  Supply Depot, SCV  
  18  1:37  SCV  
  19  1:49  SCV  
  19  1:53  Engineering Bay  
  20  1:59  Barracks  
  20  2:01  SCV  
  21  2:07  Barracks  
  21  2:13  SCV  
  22  2:25  SCV  
  23  2:36  Terran Infantry Weapons Level 1  
  23  2:37  Command Center  
  23  2:53  Factory  
  23  3:00  Orbital Command  
  23  3:06  Barracks Reactor  
  23  3:07  Barracks Reactor  
  23  3:40  Supply Depot  
  23  3:41  Supply Depot  
  23  3:43  Marine x4  
  27  3:53  Factory Tech Lab  
  27  4:00  Marine  
  28  4:11  Factory  
  28  4:14  Factory  
  28  4:20  Siege Tank  
  31  4:30  Marine x2  
  33  4:42  SCV  
  34  4:49  Refinery  
  34  4:54  SCV  
  34  4:59  Siege Tank  
  38  5:06  SCV  
  39  5:18  SCV  
  40  5:29  Factory Tech Lab  
  40  5:30  SCV  
  40  5:31  Siege Tank, Factory Tech Lab  
  44  5:47  Armory  
  45  5:50  Orbital Command  
  45  5:56  Refinery  
  44  6:03  Siege Tank  
  37  6:15  Marine x4  
  35  6:30  Siege Tank x2  
  35  6:32  Marine  
  41  6:33  Marine x3  
  45  6:50  Marine  
  45  6:52  Marine x3  
  49  6:59  SCV  
  50  7:10  SCV  
  50  7:11  SCV  
  52  7:17  Marine x3  
  56  7:22  SCV  
  56  7:32  Siege Tank x2  
  56  7:35  SCV  
  63  7:47  SCV  
  64  7:54  Supply Depot  
  64  7:56  Supply Depot  
  64  7:58  Supply Depot  
  64  8:12  Terran Vehicle Weapons Level 1  
  64  8:13  Terran Infantry Weapons Level 2  
  64  8:18  Supply Depot  
  64  8:27  SCV  
  65  8:39  SCV  
  66  8:51  SCV  
  67  9:01  Command Center  
  67  9:03  SCV  
  68  9:29  Marine  
  68  9:30  Marine x3  
  72  9:31  Thor  
  72  9:32  Thor x2  
  90  9:47  Marine  
  90  9:50  Thor  
  90  10:06  Marine  
  91  10:07  Marine x2  
  93  10:14  Thor x2  
  111  10:30  Terran Infantry Armor Level 1  
  105  10:55  SCV  
  106  11:07  SCV  
  107  11:19  SCV  
  108  11:31  SCV  
  109  11:44  SCV  
  108  16:27  Marine  
  108  16:28  Marine x3  
  108  16:29  Thor  
  108  16:30  Thor x2  
  130  16:37  Orbital Command  
  130  16:41  Refinery  
  130  16:44  Refinery  
  130  16:53  Supply Depot  
  130  16:54  Supply Depot  
  130  17:12  Thor x2  
  130  17:13  Thor  
  148  17:30  Command Center  
  144  17:55  Thor x3  
  151  18:38  Thor x3  
  151  19:21  Thor x3  
  145  20:47  Thor x3  
  163  21:30  Thor x2  
  181  21:51  Thor  
  181  22:13  Thor x2  
  187  22:34  Thor  
  193  22:56  Thor  
Show
View Real Time Build Order
Export as new Build Order

Gracz Terran - Winner!

Build Orders:  

Get SALT Encoding   

  12  0:04  SCV  
  13  0:17  SCV  
  14  0:33  Supply Depot  
  14  1:18  Refinery  
  14  1:21  Barracks  
  14  1:41  Supply Depot  
  14  1:42  SCV  
  15  1:54  SCV  
  16  2:06  SCV  
  17  2:14  Command Center  
  17  2:28  Orbital Command  
  17  2:30  Refinery  
  17  3:01  Factory  
  17  3:06  SCV  
  18  3:16  Barracks Tech Lab  
  18  3:18  SCV  
  19  3:45  SCV  
  20  3:57  Starport, SCV  
  21  4:09  Barracks Tech Lab, SCV  
  22  4:19  Factory Tech Lab  
  22  4:21  SCV  
  23  4:39  Starport  
  23  4:49  Barracks  
  23  4:52  SCV  
  24  4:55  Barracks  
  24  4:57  SCV  
  25  5:04  SCV  
  26  5:09  Armory  
  26  5:16  SCV  
  26  5:19  Banshee x2  
  33  5:30  Refinery  
  33  5:31  Orbital Command  
  33  5:32  Refinery  
  33  5:51  Barracks  
  33  5:55  Barracks  
  33  6:00  Barracks Reactor x2  
  33  6:01  Barracks Reactor  
  33  6:02  Banshee x2  
  36  6:58  Barracks Reactor  
  36  6:59  Barracks Reactor  
  36  7:09  Starport  
  36  7:10  Starport, SCV  
  37  7:23  SCV  
  37  7:25  Supply Depot  
  38  7:31  Factory Tech Lab  
  38  7:35  SCV  
  38  7:36  Marine x6  
  38  7:37  Marine x4  
  49  7:47  Starport Tech Lab, SCV  
  50  7:54  Marine x10  
  60  7:59  SCV  
  61  8:11  Marine  
  62  8:26  Supply Depot  
  62  8:38  Banshee x4  
  74  9:13  Combat Shields  
  74  9:18  Marine x8  
  74  9:20  Marine  
  74  9:21  Banshee  
  86  9:28  Supply Depot  
  86  9:30  Banshee  
  86  9:31  Banshee  
  92  9:36  Marine  
  93  9:49  Banshee  
  96  10:03  Banshee  
  99  10:13  Banshee  
  102  10:27  Supply Depot  
  102  10:31  Banshee  
  102  10:32  Stimpack, Banshee  
  108  10:49  Banshee  
  111  10:56  Medivac  
  113  11:14  Medivac  
  113  11:15  Banshee  
  112  11:26  Banshee  
  65  13:24  Banshee x3  
  65  13:26  Marine  
  78  13:27  Marine x5  
  82  13:44  Marine  
  82  13:45  Marine x3  
  82  13:46  Banshee  
  86  13:48  Marine  
  86  13:49  Marine  
  86  14:04  Marine x8  
  86  14:06  Marine x2  
  86  14:07  Banshee x3  
  105  14:21  Marine  
  105  14:22  Marine x7  
  113  14:24  Marine x2  
  113  14:29  Banshee  
  118  14:56  Supply Depot  
  118  14:59  Supply Depot  
  118  15:00  Supply Depot  
  118  15:02  Supply Depot  
  118  15:04  Marine  
  118  15:05  Marine  
  118  15:06  Marine x5, Banshee  
  118  15:07  Marine  
  126  15:08  Marine  
  126  15:10  Marine  
  126  15:14  Banshee x2  
  124  15:17  Banshee  
  129  15:22  Marine  
  129  15:23  Marine  
  129  15:24  Marine x3  
  129  15:26  Marine  
  133  15:42  Supply Depot  
  133  15:46  Supply Depot  
  133  15:48  Supply Depot  
  133  15:49  Supply Depot, Banshee  
  136  15:56  Banshee  
  136  15:57  Banshee  
  145  16:22  Banshee  
  145  16:25  Marine  
  145  16:26  Marine x4  
  150  16:39  Banshee x2  
  151  17:22  Medivac x2  
  155  17:45  Fusion Core  
  155  17:49  Orbital Command  
  155  17:52  Medivac x2  
  115  18:22  Medivac x2  
  55  23:07  Banshee x4  
  55  23:12  Marine x10  
  77  23:29  Marine  
  77  23:30  Marine x9, Orbital Command  
  87  23:47  Marine  
  87  23:48  Marine x9  
  94  23:50  Banshee x4  
  109  24:05  Marine  
  109  24:06  Marine x9  
  119  24:33  Banshee x3  
Show
View Real Time Build Order
Export as new Build Order

A.I. 2 (Medium) Terran 

Build Orders:  

Get SALT Encoding   

  12  0:01  SCV  
  13  0:13  SCV  
  14  0:19  Supply Depot  
  14  0:25  SCV  
  15  0:40  SCV  
  15  0:42  Barracks  
  16  0:49  Refinery  
  16  0:52  SCV  
  17  1:04  SCV  
  18  1:18  Supply Depot  
  18  1:29  Orbital Command  
  18  1:30  Marine  
  19  1:35  Barracks  
  19  1:44  Refinery  
  19  1:50  Barracks Tech Lab  
  19  2:08  Marine  
  20  2:12  Supply Depot  
  20  2:25  Marine  
  20  2:29  Marine  
  22  2:32  SCV  
  23  2:43  Marine  
  24  2:45  SCV  
  24  2:46  Engineering Bay  
  24  2:48  Marine  
  26  2:57  SCV  
  27  3:00  Supply Depot  
  27  3:01  Marine  
  28  3:06  Marine  
  28  3:09  SCV  
  30  3:19  Marauder  
  32  3:21  SCV  
  33  3:33  SCV  
  34  3:41  Marauder  
  36  5:20  Barracks Tech Lab, SCV  
  36  5:21  Marauder  
  39  5:22  Factory  
  39  5:24  Factory  
  39  5:26  Supply Depot  
  39  5:27  Missile Turret  
  39  5:29  Missile Turret, Command Center  
  39  5:31  Sensor Tower  
  39  5:34  Ghost Academy  
  39  5:38  Barracks  
  39  5:42  Marauder  
  41  5:51  Bunker  
  41  6:04  Ghost  
  41  6:09  Starport, Factory Tech Lab x2  
  42  6:13  Armory  
  42  6:15  Marine  
  43  6:26  Marine  
  40  6:36  Marine  
  39  6:42  SCV  
  39  6:44  Refinery  
  39  6:45  Starport Tech Lab, SCV  
  39  6:46  Marine  
  41  6:53  Missile Turret  
  37  6:54  SCV  
  37  6:56  Missile Turret, Marine  
  37  6:57  SCV  
  37  6:58  Barracks Reactor, Refinery  
  40  7:04  Raven  
  40  7:06  Marine, SCV  
  44  7:09  SCV  
  45  7:16  Marine  
  45  7:18  SCV  
  45  7:21  SCV  
  48  7:26  Marine  
  48  7:28  Bunker  
  49  7:30  SCV  
  49  7:34  SCV  
  49  7:36  Marauder  
  53  7:43  SCV  
  54  7:46  SCV, Marauder  
  54  7:47  Raven  
  59  7:55  SCV  
  59  7:58  SCV  
  61  8:07  SCV  
  61  8:10  SCV  
  63  8:14  Supply Depot  
  63  8:19  SCV  
  64  8:22  SCV  
  65  8:31  SCV  
  66  8:34  SCV  
  67  8:43  SCV  
  67  8:46  SCV  
  69  8:50  Supply Depot  
  69  8:55  SCV  
  70  9:30  Medivac  
  72  9:31  Combat Shields, Marine  
  72  9:32  Stimpack  
  72  9:33  Supply Depot, Terran Infantry Weapons Level 1  
  72  9:37  Marine, Starport  
  72  9:38  Command Center  
  74  9:41  Fusion Core  
  74  9:45  Engineering Bay  
  74  9:50  Ghost  
  74  9:51  Armory  
  74  9:57  Marauder  
  60  10:00  Raven  
  60  10:02  Marine  
  61  10:08  Marine  
  61  10:11  Terran Infantry Armor Level 1  
  61  10:13  Starport Reactor  
  62  10:19  Marine x2  
  64  10:25  Marine  
  65  10:31  Marine  
  66  10:37  Marauder  
  66  10:42  Marine  
  69  10:43  Raven  
  69  10:48  Marine  
  69  10:49  Medivac  
  74  10:50  Concussive Shells, SCV  
  74  10:53  Refinery, SCV  
  74  10:54  Missile Turret  
  74  10:56  SCV  
  77  10:59  Marauder  
  77  11:00  Marauder  
  77  11:01  Missile Turret  
  77  11:02  SCV  
  82  11:04  Refinery  
  82  11:05  SCV  
  82  11:08  SCV  
  84  11:15  Viking  
  86  11:22  Marine  
  83  11:26  Missile Turret  
  83  11:28  Marine  
  83  11:29  Raven  
  83  11:32  SCV  
  72  11:34  Marine, Medivac  
  72  11:35  SCV  
  72  11:39  Marine  
  68  11:45  Marine, Medivac  
  68  11:46  Refinery  
  69  11:49  Bunker  
  69  11:51  Marine  
  70  11:57  Marine  
  70  11:58  SCV  
  71  12:02  Marine  
  70  12:08  Marine  
  70  12:12  Raven  
  70  12:14  Ghost  
  73  12:20  Marine  
  74  12:23  SCV  
  74  12:25  Bunker  
  74  12:26  SCV  
  74  12:27  Bunker, Marauder  
  74  12:29  SCV  
  74  12:31  Marine  
  74  12:36  SCV  
  75  12:39  SCV  
  75  12:40  Refinery  
  75  12:41  SCV  
  75  12:43  Marine  
  76  12:48  SCV, Marauder  
  76  12:49  Marine  
  76  12:51  SCV  
  77  12:55  Marine, Raven  
  80  13:01  Marauder  
  82  13:09  Supply Depot, Marauder  
  82  13:11  Siege Tank  
  87  13:13  Terran Infantry Weapons Level 2  
  87  13:16  Siege Tank  
  90  13:21  Marine  
  90  13:26  Marine  
  92  13:32  Marine  
  86  13:34  Supply Depot  
  86  13:37  Marine, Raven  
  86  13:39  Medivac  
  82  13:42  Marine  
  82  13:47  Marine  
  82  13:48  Terran Infantry Armor Level 2  
  84  13:52  Marine  
  85  13:57  Marine  
  85  14:00  Supply Depot  
  86  14:03  Siege Tank  
  86  14:07  Marine  
  86  14:08  Terran Vehicle Weapons Level 1  
  90  14:13  Marine  
  91  14:18  Thor  
  97  14:29  Command Center  
  97  14:30  Terran Vehicle And Ship Armor Level 1  
  97  14:35  Hellion  
  99  14:56  Siege Tank  
  102  15:01  Siege Tank  
  105  15:28  Hellion  
  105  15:32  Terran Infantry Weapons Level 3  
  105  15:33  Siege Tank  
  113  15:50  Siege Tank  
  113  15:55  Refinery  
  113  15:59  Missile Turret  
  113  16:00  Missile Turret  
  113  16:01  Refinery  
  113  16:02  Terran Ship Weapons Level 1  
  113  16:05  Siege Tank  
  113  16:07  Terran Infantry Armor Level 3  
  116  16:21  Bunker  
  116  16:24  Terran Vehicle Weapons Level 2  
  116  16:57  SCV  
  116  17:00  SCV  
  108  17:03  SCV  
  108  17:06  Marine, SCV  
  108  17:09  Marine, SCV  
  108  17:12  Marine, SCV  
  108  17:13  Supply Depot  
  108  17:14  Refinery  
  108  17:15  Marine, SCV  
  114  17:21  SCV  
  114  17:22  SCV  
  116  17:24  Marine  
  116  17:25  Cyclone, SCV  
  116  17:27  Marauder  
  116  17:28  SCV  
  125  17:30  Marine  
  125  17:33  Marine, SCV  
  125  17:34  SCV  
  129  17:42  Marine  
  130  17:48  Marine x2  
  130  17:50  Marine  
  133  17:56  Terran Vehicle And Ship Armor Level 2  
  103  17:59  Marine, Raven  
  103  18:03  Siege Tank  
  83  18:05  Marine  
  83  18:06  Siege Tank  
  83  18:09  Marine  
  83  18:12  Marine  
  89  18:16  Command Center  
  89  18:17  Marine  
  90  18:23  Marine  
  90  18:27  Marine, SCV  
  83  18:30  Marine, SCV  
  82  18:35  SCV  
  82  18:36  Marauder  
  82  18:39  SCV  
  73  18:41  Marine, Raven  
  73  18:44  Marine  
  73  18:47  Marine  
  73  18:48  SCV  
  73  18:50  Viking  
  73  18:51  SCV  
  66  18:56  Marine  
  66  18:59  Marine  
  66  19:00  SCV  
  66  19:01  Medivac  
  66  19:02  Marine  
  40  19:03  SCV  
  40  19:05  Marine  
  40  19:08  Siege Tank  
  43  19:11  Cyclone  
  43  19:12  SCV  
  43  19:15  SCV, Marauder  
  49  19:17  Command Center  
  49  19:19  Marine  
  49  19:21  Marauder  
  49  19:23  Marine  
  47  19:24  SCV  
  47  19:27  SCV  
  47  19:30  SCV  
  47  19:33  Starport Reactor, Refinery  
  47  19:36  Marine, SCV  
  47  19:39  Marine, SCV  
  47  19:41  Marine  
  47  19:42  Marine, SCV  
  50  19:48  SCV, Siege Tank  
  50  19:51  SCV  
  45  19:54  Refinery, Marauder  
  45  19:57  Marine  
  45  19:58  Missile Turret  
  45  19:59  Marine  
  43  20:00  Marine, SCV  
  43  20:01  Missile Turret  
  43  20:03  SCV  
  43  20:06  SCV  
  40  20:08  Hellion  
  40  20:13  SCV  
  41  20:16  Marine  
  41  20:17  Command Center  
  41  20:18  SCV  
  41  20:19  Marine  
  41  20:20  SCV  
  42  20:25  SCV  
  42  20:27  Hellion  
  41  20:30  SCV  
  41  20:32  SCV  
  41  20:34  Marine  
  41  20:35  SCV  
  42  20:37  Marine  
  42  20:38  SCV  
  43  20:43  SCV  
  43  20:48  Siege Tank  
  43  20:49  SCV  
  44  20:51  Marine  
  44  20:52  SCV  
  44  20:55  SCV  
  44  20:56  Marine  
  23  21:18  SCV  
  21  21:29  SCV  
  21  21:30  Command Center  
  21  21:32  SCV  
  23  21:33  Refinery  
  23  21:35  SCV  
  23  21:37  Supply Depot  
  21  21:41  SCV  
  21  21:44  SCV  
  23  21:51  SCV  
  23  21:53  SCV  
  24  21:56  SCV  
  24  22:08  SCV  
  26  22:10  Barracks  
  26  22:13  Supply Depot  
  23  22:20  SCV  
  20  22:25  SCV  
  21  22:30  Command Center  
  21  22:32  SCV  
  22  22:37  SCV  
  23  22:44  SCV  
  23  22:49  SCV  
  25  22:54  SCV  
  25  22:57  SCV  
  26  23:01  SCV  
  26  23:02  Barracks  
  27  23:09  SCV  
  21  23:28  SCV  
  13  23:56  SCV  
  13  23:59  SCV  
  15  24:05  Command Center  
  15  24:08  SCV  
  16  24:11  SCV  
  17  24:18  Supply Depot  
  17  24:20  SCV  
  17  24:23  SCV  
  18  24:42  SCV  
  8  25:09  Command Center  
  8  25:23  Command Center  
Show
View Real Time Build Order
Export as new Build Order

A.I. 3 (Medium) Zerg 

Build Orders: Pool First 

Get SALT Encoding   

  12  0:01  Drone  
  13  0:13  Overlord  
  13  0:18  Drone  
  14  0:31  Drone  
  14  0:34  Drone  
  16  0:42  Spawning Pool  
  16  0:46  Drone  
  16  0:50  Drone  
  16  0:52  Extractor  
  16  0:56  Drone  
  17  1:06  Overlord  
  17  1:29  Queen  
  17  1:31  Zergling x2  
  20  1:39  Drone  
  21  1:40  Roach Warren, Extractor  
  21  1:43  Zergling x2  
  20  1:49  Drone  
  21  2:00  Drone  
  22  2:10  Overlord  
  22  2:22  Roach  
  24  2:33  Roach  
  26  2:41  Overlord  
  26  2:44  Roach  
  28  2:52  Drone  
  28  2:56  Roach  
  31  3:00  Drone  
  32  3:08  Roach, Drone  
  32  3:10  Drone  
  36  3:13  Drone  
  37  3:23  Baneling Nest, Drone  
  37  3:33  Evolution Chamber  
  37  3:34  Roach  
  38  3:39  Drone  
  39  3:42  Overlord, Drone  
  40  5:20  Lair, Overlord, Drone  
  41  5:23  Drone, Spore Crawler  
  41  5:25  Spore Crawler  
  41  5:26  Drone  
  41  5:29  Drone  
  42  5:39  Evolution Chamber  
  41  5:49  Spine Crawler  
  40  5:55  Spine Crawler, Hatchery  
  26  6:14  Drone  
  26  6:17  Queen  
  26  6:18  Drone  
  30  6:19  Overseer x2  
  30  6:20  Roach  
  30  6:24  Hydralisk Den  
  29  6:26  Spire  
  29  6:27  Drone  
  29  6:29  Infestation Pit  
  29  6:31  Drone  
  29  6:35  Drone  
  29  6:39  Drone  
  31  6:43  Zergling x2  
  32  6:56  Roach  
  34  7:07  Drone  
  35  7:09  Hydralisk  
  35  7:10  Drone  
  35  7:12  Drone  
  39  7:15  Drone  
  39  7:18  Drone  
  39  7:21  Drone  
  39  7:22  Ravager, Hydralisk  
  45  7:25  Drone  
  45  7:28  Spore Crawler  
  45  7:29  Drone  
  46  7:30  Spore Crawler  
  46  7:32  Drone  
  46  7:35  Hydralisk, Drone  
  49  7:38  Drone  
  49  7:41  Drone  
  51  7:46  Drone  
  51  7:48  Ravager  
  51  7:49  Roach  
  56  7:51  Drone  
  56  7:54  Drone  
  57  7:58  Overlord  
  57  8:02  Roach  
  59  8:06  Spine Crawler  
  59  8:10  Spine Crawler  
  59  8:12  Queen  
  59  8:14  Hydralisk  
  61  8:56  Extractor  
  61  8:59  Extractor  
  59  9:19  Drone  
  59  9:22  Drone  
  61  9:25  Drone  
  61  9:28  Drone  
  63  9:38  Roach, Overseer, Pneumatized Carapace  
  65  9:39  Zerg Melee Weapons Level 1, Overlord  
  65  9:40  Zerg Ground Armor Level 1, Burrow, Muscular Augments  
  65  9:45  Roach  
  67  9:49  Hatchery  
  67  9:52  Roach  
  68  9:58  Overlord  
  68  9:59  Roach  
  66  10:07  Roach  
  55  10:14  Roach  
  57  10:21  Roach  
  57  10:22  Hive, Overseer  
  57  10:28  Infestor  
  60  10:35  Zergling x2  
  60  10:42  Hydralisk  
  62  10:49  Hydralisk  
  66  10:57  Roach  
  66  11:02  Queen, Drone  
  69  11:04  Roach  
  69  11:05  Drone  
  69  11:07  Overlord  
  69  11:08  Drone  
  69  11:10  Drone  
  74  11:11  Zergling x2  
  74  11:13  Roach  
  74  11:14  Drone  
  74  11:17  Drone  
  74  11:18  Mutalisk  
  76  11:19  Spore Crawler  
  76  11:20  Drone  
  76  11:23  Drone  
  76  11:24  Spore Crawler  
  76  11:25  Hydralisk  
  65  11:26  Drone  
  65  11:29  Drone  
  63  11:32  Hydralisk  
  63  11:34  Zerg Missile Weapons Level 1  
  60  11:40  Roach, Overlord  
  60  11:41  Ultralisk Cavern  
  60  11:47  Zergling x2, Greater Spire  
  55  11:50  Overseer  
  51  11:54  Mutalisk  
  53  12:02  Zergling x2, Overlord  
  52  12:09  Mutalisk  
  53  12:16  Roach  
  53  12:21  Overlord, Drone  
  56  12:24  Roach, Drone  
  56  12:27  Drone  
  60  12:30  Queen  
  60  12:31  Roach, Drone  
  60  12:34  Drone  
  66  12:38  Roach  
  66  12:39  Drone, Overlord  
  69  12:45  Roach  
  71  12:52  Hydralisk  
  73  13:00  Roach  
  73  13:02  Spire  
  74  13:07  Roach  
  76  13:14  Roach  
  78  13:21  Hydralisk  
  80  13:28  Hydralisk  
  80  13:31  Overlord  
  80  13:33  Infestor  
  84  13:35  Hatchery  
  84  13:38  Infestor  
  85  13:44  Infestor  
  87  13:49  Infestor, Overlord  
  87  13:55  Roach  
  90  13:59  Infestor  
  92  14:04  Infestor  
  94  14:10  Infestor  
  94  14:11  Hatchery  
  94  14:15  Infestor, Hatchery  
  96  14:24  Viper  
  96  14:30  Zergling x2  
  97  14:32  Overseer  
  79  14:40  Roach  
  81  14:46  Roach  
  85  14:53  Roach  
  85  14:59  Roach  
  83  15:08  Hydralisk  
  81  15:16  Roach  
  75  15:23  Zergling x2  
  64  15:31  Infestor  
  62  16:14  Hatchery  
  61  16:18  Infestor  
  61  16:22  Overseer  
  63  16:41  Zergling x2  
  64  16:49  Roach, Extractor  
  65  16:56  Zergling x2  
  66  17:02  Extractor  
  66  17:03  Mutalisk  
  65  17:08  Infestor  
  67  17:25  Hatchery  
  66  17:37  Ultralisk  
  72  17:48  Zergling x2  
  51  17:58  Hydralisk  
  53  18:10  Ultralisk  
  59  18:21  Ultralisk  
  62  18:32  Zergling x2  
  62  18:34  Overseer  
  63  18:42  Hydralisk  
  63  18:45  Hatchery  
  64  18:55  Ultralisk  
  69  19:06  Zergling x2  
  56  19:13  Zergling x2  
  57  19:20  Roach  
  59  19:27  Mutalisk, Overlord  
  61  19:35  Zergling x2  
  59  19:42  Roach  
  45  19:53  Ultralisk  
  50  20:03  Hydralisk  
  48  20:14  Hydralisk  
  43  20:25  Ultralisk  
  48  20:32  Roach  
  43  20:40  Roach  
  37  20:50  Zergling x2  
  38  21:00  Hydralisk  
  38  21:04  Drone  
  38  21:06  Hatchery  
  38  21:07  Drone  
  31  21:19  Zergling x2  
  32  21:26  Roach  
  30  21:33  Zergling x2  
  26  21:40  Mutalisk  
  30  21:47  Hatchery  
  30  21:48  Roach  
  27  21:55  Zergling x2  
  21  22:24  Drone  
  21  22:28  Extractor  
  15  22:30  Drone  
  15  22:33  Drone  
  14  22:41  Drone  
  14  22:43  Spawning Pool  
Tags
 
Add a new tag
Caveats
  • Supply blocks, unpowered buildings, or Contaminate may cause inaccurate times.
  • Supply counts are checked every 10 seconds.